cohdb
Replays
Latest Replays
All Replays
Popular Replays
Top Player Replays
Match Explorer
How It Works
Community
CoH3 Stats
Reddit
Sign in to upload your games and track your stats! →
Sign in with Steam
Match 37929644
Unlisted
Match 37929644
Overview
Messages
Build Orders
End
Kradschützen Motorcycle Team
Panzergrenadier Squad
250 Light Carrier
Construct Light Support Kompanie
Combat Half-tracks
Selects Armored Support Battlegroup
Selects Superior Fire Drills
MG34 Team
Assault Grenadier Squad
Panzerjäger Mechanized Group
Construct Mechanized Kompanie
8 Rad Armored Car
Marder III Tank Destroyer
REGULATOR
Born to Coom
0
0
Comments
sign in to comment!
No comments posted yet!